 Dungeon Crawl Stone Soup version 0.30-a0-779-g7971cf19c3 (webtiles) character file.

Game seed: 872475704980601866

4 Lucx527 the Conjurer (level 1, 0/13 HPs)
             Began as a Human Conjurer on Feb 17, 2023.
             Slain by a hobgoblin (4 damage)
             ... on level 1 of the Dungeon.
             The game lasted 00:00:42 (87 turns).

Lucx527 the Conjurer (Human Conjurer)                 Turns: 87, Time: 00:00:43

Health: 0/13       AC:  2    Str:  7    XL:     1   Next: 66%
Magic:  3/3        EV: 12    Int: 18    God:
Gold:   0          SH:  0    Dex: 11    Spells: 3/4 levels left

rFire   . . .      SeeInvis .    d - +0 spear
rCold   . . .      Faith    .    (no shield)
rNeg    . . .      Spirit   .    a - +0 robe
rPois   .          Reflect  .    (no helmet)
rElec   .          Harm     .    (no cloak)
rCorr   .          Rampage  .    (no gloves)
Will    .....                    (no boots)
Stlth   ++                       (no amulet)
HPRegen 0.22/turn                (no ring)
MPRegen 0.08/turn                (no ring)

@: no status effects
A: no striking features
a: no special abilities


You were on level 1 of the Dungeon.
You visited 1 branch of the dungeon, and saw 1 of its levels.

Inventory:

Hand Weapons
 d - a +0 spear (weapon)
Armour
 a - a +0 robe (worn)
Scrolls
 c - a scroll of torment {unknown}
Potions
 b - a potion of magic


   Skills:
 + Level 2.0 Dodging
 + Level 2.0 Stealth
 + Level 2.0 Spellcasting
 + Level 4.1 Conjurations


You had 3 spell levels left.
You knew the following spells:

 Your Spells              Type           Power      Damage    Failure   Level
a - Magic Dart            Conj           64%        1d6       3%          1

Your spell library contained the following spells:

 Spells                   Type           Power      Damage    Failure   Level
 Searing Ray              Conj           32%        2d5       4%          2
 Dazzling Flash           Conj/Hex       18%        N/A       22%         3
 Fulminant Prism          Conj/Hex       4%         3d5       58%         4
 Iskenderun's Mystic Bla  Conj/Tloc      9%         2d4       58%         4


Dungeon Overview and Level Annotations

Branches:
Dungeon (1/15)

Altars:


Message History

A frilled lizard is nearby!
A kobold comes into view. It is wielding a +0 short sword.
There is a stone staircase leading down here.
The frilled lizard hisses angrily.
The kobold shouts!
You see here a +0 spear.
d - a +0 spear
There is a stone staircase leading down here.
A hobgoblin comes into view.
The frilled lizard bites you.
The hobgoblin shouts!
The frilled lizard bites you but does no damage.
The frilled lizard attacks as you move away!
The frilled lizard bites you but does no damage.
The frilled lizard closely misses you. The frilled lizard barely misses you.
The kobold barely misses you.
d - a +0 spear (weapon)
You hit the frilled lizard but do no damage.
The kobold barely misses you. The frilled lizard barely misses you.
The kobold hits you with a +0 short sword.
You hit the frilled lizard but do no damage.
The frilled lizard bites you. The kobold barely misses you.
You hit the frilled lizard but do no damage.
The frilled lizard barely misses you. The hobgoblin misses you.
The kobold closely misses you.
You closely miss the frilled lizard. The frilled lizard bites you.
The kobold hits you with a +0 short sword.
The hobgoblin hits you.
* * * LOW HITPOINT WARNING * * *
You closely miss the frilled lizard. The frilled lizard closely misses you.
The kobold barely misses you. The hobgoblin closely misses you.
The frilled lizard completely misses you.
You hit the frilled lizard.
The frilled lizard is heavily wounded.
The kobold completely misses you. The hobgoblin misses you.
The frilled lizard misses you.
You hit the frilled lizard.
You kill the frilled lizard!
The kobold hits you but does no damage. The hobgoblin hits you.
You die...

+.......g#...
##..#.#.###.# ######
#.>..K....... ......
#.###.#.##### ......
#.###.# #
......########.....#.#
.....................#
.............g†K######
#........@.#
#..........#
#..........#
#..........#
#..........#
#..........#
#.#######.## ♣# ##.#
#.# <♣# ##..# #.#


You could see a hobgoblin and a kobold.

Vanquished Creatures
  A dart slug (D:1)
  A giant cockroach (D:1)
  A frilled lizard (D:1)
3 creatures vanquished.

Vanquished Creatures (others)
  A plant (D:1)
1 creature vanquished.

Grand Total: 4 creatures vanquished

Notes
Turn   | Place    | Note
-------+----------+-------------------------------------------
     0 | D:1      | Lucx527 the Human Conjurer began the quest for the Orb.
     0 | D:1      | Reached XP level 1. HP: 13/13 MP: 3/3
    87 | D:1      | Slain by a hobgoblin

Illustrated notes

Levels and vault maps discovered:
D:1:      pf_arrival_petrified_forest, layout_basic,
          shapermc_ecumenical_altar_venn, serial_bayou, serial_bayou_pond_c,
          serial_bayou_ford_a, serial_bayou_pond_a, serial_bayou_crossing,
          serial_bayou_pond_d, serial_bayou_lagoon_b

Action                     || total
---------------------------++-------
  Melee: Spear             ||     7
         Unarmed           ||     4
   Cast: Magic Dart        ||     3
 Armour: Robe              ||     4
  Dodge: Dodged            ||    17

Table legend: (Time is in decaauts)
 A = Elapsed time spent in this place.
 B = Non-inter-level travel time spent in this place.
 C = Inter-level travel time spent in this place.
 D = Time resting spent in this place.
 E = Time spent auto-exploring this place.
 F = Levels seen in this place.
 G = Mean time per level.
                   A        B        C        D        E       F      G
               +--------+--------+--------+--------+--------+-----+--------+
         Total |     87 |     84 |      3 |      0 |     31 |   1 |   87.0 |
       Dungeon |     87 |     84 |      3 |      0 |     31 |   1 |   87.0 |
               +--------+--------+--------+--------+--------+-----+--------+

Top non-repeatable levels by time:
     D:1: 87 daAuts
